 Dungeon Crawl Stone Soup version 0.29-a0-22-gbf593b16ee (webtiles) character file.

Game seed: 3431460697355055895

305374 oldriver the Imperceptible (level 20, -15/132 HPs)
             Began as a Vampire Enchanter on Jan 30, 2022.
             Was the Champion of Dithmenos.
             Demolished by an iron troll (21 damage)
             ... while paralysed by a great orb of eyes
             ... on level 1 of the Depths.
             The game lasted 02:45:01 (66453 turns).

oldriver the Imperceptible (Vampire Enchanter)     Turns: 66453, Time: 02:45:01

Health: -15/132    AC: 19    Str: 13    XL:     20   Next: 28%
Magic:  13/34      EV:  2    Int: 22    God:    Dithmenos [******]
Gold:   2584       SH:  0    Dex: 27    Spells: 5/39 levels left

rFire   + + .      SeeInvis +   a - +9 quick blade (flame)
rCold   + + +      Faith    .   Y - +5 kite shield {AC+3}
rNeg    + + +      Spirit   .   d - +3 leather armour {rF+}
rPois   ∞          Reflect  +   s - +2 helmet
rElec   .          Harm     .   t - +2 cloak
rCorr   +          Rampage  .   (no gloves)
Will    ++...                   C - +2 pair of boots "Luwuistrabej" {rC+} Stlth ####******
                                J - amulet of reflection
HPRegen 0.00/turn               e - ring "Ymonal" {Drain rCorr Dex+4 Slay+4}
MPRegen 0.24/turn               z - ring "Foith" {rF+ Str+6 Dex+4 Stlth+}

@: paralysed, bloodless, inhibited regen, wreathed by umbra
A: bloodless, fangs 3, see invisible, vampiric 2
}: 2/15 runes: serpentine, barnacled
a: Bat Form, Revivify, Renounce Religion, Shadow Step, Shadow Form


You were on level 1 of the Depths.
You worshipped Dithmenos.
Dithmenos was exalted by your worship.
You visited 8 branches of the dungeon, and saw 37 of its levels.
You also visited: Ossuary, Bailey and Gauntlet.

You collected 4451 gold pieces.
You spent 1867 gold pieces at shops.

Inventory:

Hand Weapons
 a - a +9 quick blade of flaming (weapon)
Missiles
 r - 56 poisoned darts
 v - 7 curare-tipped darts
 G - 9 atropa-tipped darts
 R - 6 throwing nets
Armour
 d - a +3 leather armour of fire resistance (worn)
 s - a +2 helmet (worn)
 t - a +2 cloak (worn)
 C - the +2 pair of boots "Luwuistrabej" (worn) {rC+}
   (You acquired it on level 8 of the Dungeon)

   rC:        It protects you from cold.
 Y - a +5 kite shield of protection (worn)
Jewellery
 b - a ring of protection from fire
 e - the ring "Ymonal" (left hand) {Drain rCorr Dex+4 Slay+4}
   (You found it in a Gauntlet)

   [ring of resist corrosion]

   Dex:       It affects your dexterity (+4).
   Slay:      It affects your accuracy & damage with ranged weapons and melee
   (+4).
   rCorr:     It protects you from acid and corrosion.
   Drain:     It drains your maximum health when unequipped.
 q - a +6 ring of strength
 y - a ring of protection from cold
 z - the ring "Foith" (right hand) {rF+ Str+6 Dex+4 Stlth+}
   (You bought it in a shop on level 1 of the Vaults)

   [ring of strength]

   Str:       It affects your strength (+6).
   Dex:       It affects your dexterity (+4).
   rF:        It protects you from fire.
   Stlth:     It makes you more stealthy.
 J - an amulet of reflection (around neck)
Wands
 n - a wand of mindburst (5)
 u - a wand of charming (20)
 F - a wand of iceblast (33)
 I - a wand of digging (18)
 K - a wand of flame (23)
 L - a wand of acid (5)
 X - a wand of paralysis (15)
Scrolls
 g - 3 scrolls of magic mapping
 p - a scroll of silence
 w - 4 scrolls of torment
 N - 5 scrolls of fear
 O - 6 scrolls of teleportation
 P - 2 scrolls of immolation
 Q - 3 scrolls of fog
 T - 6 scrolls of noise
Potions
 c - 5 potions of invisibility
 f - 6 potions of flight
 h - 6 potions of lignification
 i - 11 potions of brilliance
 j - 3 potions of magic
 k - 15 potions of curing
 l - 6 potions of mutation
 m - a potion of cancellation
 o - 5 potions of attraction
 x - 4 potions of haste
 A - 7 potions of might
 B - 9 potions of heal wounds
 D - 3 potions of resistance
 E - 2 potions of ambrosia
 S - 2 potions of berserk rage
Miscellaneous
 H - a box of beasts
 M - a phantom mirror
 U - a tin of tremorstones (2/2)
 V - a condenser vane
 Z - a lightning rod (4/4)


   Skills:
 + Level 16.2 Fighting
 + Level 14.2 Short Blades
 - Level 3.0 Throwing
 - Level 7.0 Armour
 + Level 15.9 Dodging
 + Level 25.2 Stealth
 - Level 10.0 Shields
 - Level 10.0 Spellcasting
 + Level 15.1 Hexes
 - Level 5.0 Summonings
 + Level 1.2 Transmutations
 - Level 3.0 Ice Magic
 + Level 7.9 Evocations


You had 5 spell levels left.
You knew the following spells:

 Your Spells              Type           Power      Damage    Failure   Level
a - Ensorcelled Hibernat  Hex/Ice        100%       N/A       1%          2
b - Confusing Touch       Hex            67%        N/A       1%          3
c - Dazzling Flash        Conj/Hex       88%        N/A       2%          3
d - Blink                 Tloc           22%        N/A       26%         2
e - Enfeeble              Hex            33%        N/A       28%         7
f - Cause Fear            Hex            33%        N/A       1%          4
t - Tukima's Dance        Hex            67%        N/A       1%          3
v - Summon Mana Viper     Hex/Summ       53%        N/A       8%          5
y - Yara's Violent Unrav  Hex/Tmut       23%        3d10      16%         5

Your spell library contained the following spells:

 Spells                   Type           Power      Damage    Failure   Level
 Slow                     Hex            100%       N/A       1%          1
 Summon Guardian Golem    Hex/Summ       53%        N/A       1%          3
 Summon Small Mammal      Summ           100%       N/A       2%          1
 Call Canine Familiar     Summ           33%        N/A       6%          3
 Fulminant Prism          Conj/Hex       22%        3d13      8%          4
 Leda's Liquefaction      Hex/Erth       22%        N/A       8%          4
 Animate Skeleton         Necr           22%        N/A       17%         1
 Apportation              Tloc           22%        N/A       17%         1
 Pain                     Necr           44%        1d6       17%         1
 Sandblast                Erth           22%        2d7       17%         1
 Shock                    Conj/Air       44%        1d5       17%         1
 Passwall                 Tmut/Erth      10%        N/A       21%         2
 Scorch                   Fire           22%        2d6       26%         2
 Summon Ice Beast         Ice/Summ       28%        N/A       32%         4
 Ignite Poison            Fire/Tmut/Pois 12%        N/A       41%         3
 Gell's Gravitas          Tloc           11%        N/A       45%         3
 Lesser Beckoning         Tloc           11%        N/A       45%         3
 Mephitic Cloud           Conj/Pois/Air  11%        N/A       45%         3
 Stone Arrow              Conj/Erth      22%        3d8       45%         3
 Swiftness                Air            11%        N/A       45%         3
 Teleport Other           Tloc           11%        N/A       45%         3
 Vampiric Draining        Necr           11%        2d6       45%         3
 Airstrike                Air            5%         N/A       86%         4
 Flame Wave               Conj/Fire      11%        2d5       86%         4
 Iskenderun's Mystic Bla  Conj/Tloc      11%        2d4       86%         4
 Blade Hands              Tmut           8%         N/A       96%         5
 Freezing Cloud           Conj/Ice/Air   7%         6-21      97%         5
 Irradiate                Conj/Tmut      6%         3d16      98%         5
 Agony                    Necr           11%        N/A       99%         5
 Excruciating Wounds      Necr           5%         N/A       99%         5
 Fireball                 Conj/Fire      5%         3d5       99%         5
 Iskenderun's Battlesphe  Conj           11%        2d7       99%         5
 Lee's Rapid Deconstruct  Erth           5%         3d7*      99%         5
 Manifold Assault         Tloc           11%        N/A       99%         5
 Summon Cactus Giant      Summ           16%        N/A       97%         6
 Conjure Ball Lightning   Conj/Air       5%         3x3d6     100%        6
 Dispersal                Tloc           5%         N/A       100%        6
 Eringya's Noxious Bog    Tmut/Pois      6%         N/A       100%        6
 Statue Form              Tmut/Erth      8%         N/A       100%        6
 Dragon Form              Tmut           8%         N/A       100%        7
 Monstrous Menagerie      Summ           16%        N/A       100%        7
 Orb of Destruction       Conj           5%         9d5       100%        7
 Spellforged Servitor     Conj/Summ      11%        N/A       100%        7
 Dragon's Call            Summ           16%        N/A       100%        9
 Shatter                  Erth           5%         3d8*      100%        9


Dungeon Overview and Level Annotations

Branches:
Dungeon (15/15)            Temple (0/1) D:5            Lair (6/6) D:11
 Shoals (4/4) Lair:4        Snake (4/4) Lair:4        Slime (0/5) Lair:5
    Orc (2/2) D:9             Elf (3/3) Orc:2        Vaults (2/5) D:13
 Depths (1/4) D:15        Ossuary (visited)          Bailey (visited)
Gauntlet (visited)
  Crypt: Vaults:2-3

Altars:
Cheibriados
Dithmenos
Elyvilon
Fedhas
Hepliaklqana
Okawaru
Ru
Trog
Uskayaw
Wu Jian
Xom
Yredelemnul
Zin
The Shining One
Beogh
Jiyva

Shops:
D:6 *   D:8 (   D:9 (   D:14 *   Orc:2 ([[(   Elf:1 !   Snake:4 (   Vaults:1 =

Portals:
Hell: Depths:1
Abyss: Lair:1

Annotations:
D:2 1 runed translucent door, Crazy Yiuf, Natasha
D:4 2 runed translucent doors, bande's ghost, novice GrFi
D:6 exclusion: 2 doors
D:8 Gastronok
D:13 Rupert
D:14 Roxanne
Lair:1 2 transporters
Shoals:1 3 runed translucent doors, Amifaile's ghost, adept HOBr; Umofacuulo's ghost, adept MiFi; Wextibu's ghost, adept DrTm; lmSkywalker's ghost, journeyman DsFE
Elf:2 5 runed translucent doors


Innate Abilities, Weirdness & Mutations

You do not regenerate when monsters are visible.
You are frail without blood (-20% HP).
You can heal yourself when you bite living creatures.
You are immune to poison.
You have razor-sharp teeth.
You have supernaturally acute eyesight. (SInv)
You are afflicted with vampirism and can become a bat while bloodless.


Message History

You kill the deep troll earth mage!
Dithmenos accepts your kill.
The iron troll is unaffected.
Your shadow mimicks your spell!
The iron troll is unaffected.
The iron troll is unaffected.
Your shadow mimicks your spell!
The iron troll is unaffected.
You block the iron troll's attack.
The iron troll claws you but does no damage.
You block the iron troll's attack.
The iron troll is unaffected.
The iron troll is unaffected.
You block the iron troll's attack. The iron troll claws you!
You block the iron troll's attack.
The iron troll is unaffected.
Your shadow mimicks your spell!
The iron troll is unaffected.
The stone giant throws a large rock.
The large rock hits you!!
You emit a cloud of dark smoke.
The iron troll misses you. You block the iron troll's attack. x2
The iron troll is unaffected.
A great orb of eyes comes into view.
A frost giant comes into view.
It is wielding a +1 battleaxe of freezing.
You block the stone giant's attack.
The sentinel's mark upon you fades away.
You block the stone giant's attack.
The stone giant throws a large rock.
You reflect the large rock off an invisible shield around you!
The large rock barely misses the iron troll.
The large rock hits the stone giant!!!
The great orb of eyes gazes at you.
You suddenly lose the ability to move!
The stone giant throws a large rock.
The large rock hits you!! The great orb of eyes gazes at you.
You shrug off the repeated paralysis!
The iron troll bites you!!
You emit a cloud of dark smoke.
The iron troll claws you!
The iron troll claws you but does no damage.
A frost giant comes into view.
It is wielding a +0 battleaxe of freezing.
The stone giant throws a large rock.
The large rock hits you!!!
* * * LOW HITPOINT WARNING * * *
The iron troll bites you!!
You die...

....... ...... #'#.#
##(.# #§§#
##§§###############
##§§§§.C.C...<......
#.#§TC..............
#.#§@§...............
###§#.##..G.###......
#####.#....##...#....##
#........##..##....##..
#.###..##......#..#....
#.###.#........#..#....
#.#.#.......###....###.
#.#.#.....##....##....#
#.#..#...#..##......##.


You could see 2 frost giants, an iron troll, a stone giant and a great orb of
eyes.

Vanquished Creatures
  Vashnia (Snake:2)
  Mlioglotl (Snake:2)
  2 deep elf blademasters (Elf:3)
  3 deep elf master archers (Elf:3)
  Kirke (Shoals:1)
  A revenant (Vaults:2)
  6 nagarajas
  A vault warden (Vaults:2)
  Aizul (Snake:4)
  3 deep elf sorcerers
  6 deep elf elementalists (Elf:3)
  A curse skull (Vaults:2)
  5 ironbound preservers
  A stone giant (Depths:1)
  An ironbound thunderhulk (Vaults:1)
  A dire elephant (D:15)
  2 deep elf annihilators (Elf:3)
  4 deep elf demonologists (Elf:3)
  A minotaur (Gauntlet)
  2 deep elf death magi (Elf:3)
  4 merfolk javelineers
  7 merfolk impalers
  2 yaktaur captains
  2 great orbs of eyes
  17 naga warriors
  6 deep elf high priests
  Fannar (D:9)
  2 boulder beetles
  2 salamander tyrants (Snake:4)
  9 hydras
  3 death knights
  4 merfolk aquamancers (Shoals:4)
  11 anacondas
  4 merfolk avatars
  15 centaur warriors
  2 alligator snapping turtles
  15 naga sharpshooters
  2 ironbound frosthearts
  13 death yaks
  7 two-headed ogres
  10 dancing weapons
  A deep troll earth mage (Depths:1)
  A tengu warrior (D:15)
  5 satyrs
  5 orc high priests (Orc:2)
  10 shock serpents
  Urug (D:13)
  Nergalle (Orc:1)
  11 deep elf knights
  2 skeletal warriors (D:14)
  25 sea snakes
  6 salamander mystics
  20 deep trolls
  A glowing orange brain (Vaults:1)
  16 deep elf archers
  5 ironbound convokers
  26 deep elf pyromancers
  7 naga ritualists
  3 wizards
  10 orc knights
  3 phantasmal warriors
  2 necromancers
  A human zombie (Vaults:2)
  15 harpies
  7 cyclopes
  14 deep elf zephyrmancers
  9 mana vipers
  4 orc sorcerers
  A wolf spider (D:12)
  21 fauns
  21 salamanders
  9 ugly things
  16 manticores
  9 merfolk sirens
  Maurice (D:8)
  A black mamba (shapeshifter) (Elf:3)
  7 water nymphs
  Joseph (D:10)
  13 elephants
  13 guardian serpents
  9 cane toads
  A gargoyle (D:12)
  20 naga magi
  41 black mambas
  2 vault sentinels
  An unseen horror (D:12)
  4 kobold demonologists
  6 rime drakes
  14 komodo dragons
  Maggie (D:8)
  An efreet (D:15)
  20 yaktaurs
  3 freezing wraiths
  A tengu conjurer (D:15)
  27 merfolk
  6 meliai
  8 polar bears
  9 trolls
  3 wind drakes
  4 hornets
  19 slime creatures
  9 snapping turtles
  A tengu simulacrum (Vaults:2)
  29 blink frogs
  A slime creature (shapeshifter) (Gauntlet)
  13 dream sheep
  A dream sheep (shapeshifter) (Elf:1)
  2 shadows (Gauntlet)
  A meliai zombie (D:8)
  4 water elementals
  Sigmund (D:4)
  An elf simulacrum (Vaults:2)
  A culicivora (shapeshifter) (Elf:2)
  4 air elementals
  A wraith (D:14)
  3 wyverns
  27 yaks
  3 vampires
  4 hogs (Shoals:1)
  An elf zombie (Vaults:2)
  4 steam dragons
  2 vampire mosquitoes (D:13)
  5 basilisks
  15 humans
  4 fire elementals
  A warg (Orc:2)
  An acid dragon (D:10)
  48 nagas
  22 water moccasins
  38 orc warriors
  A swamp drake (D:9)
  3 ice beasts (D:6)
  A sky beast (D:7)
  A necrophage (D:4)
  3 centaurs
  A boggart (Elf:1)
  11 ogres
  3 wolves (Lair:3)
  A phantom (D:6)
  11 kobold brigands
  3 gnoll sergeants
  10 bullfrogs
  3 scorpions
  2 earth elementals (Elf:3)
  A wyvern zombie (D:6)
  4 water moccasin zombies (Ossuary)
  A water moccasin skeleton (D:5)
  A wyvern skeleton (D:5)
  A vampire bat (Lair:3)
  4 killer bees (D:11)
  2 electric eels
  14 howler monkeys
  A bullfrog zombie (D:6)
  2 jellies
  7 centaur zombies
  A hound (shapeshifter) (Gauntlet)
  6 hounds
  2 gnoll shamans (D:7)
  35 orc priests
  Jessica (D:2)
  Ijyb (D:3)
  2 iguanas
  24 orc wizards
  2 mummies (Ossuary)
  19 gnolls
  9 adders
  A shadow imp (D:7)
  An ufetubus (D:6)
  8 adder zombies
  3 worms
  6 dart slugs
  91 orcs
  4 endoplasms
  8 giant cockroaches
  4 gnoll zombies (Ossuary)
  15 goblins
  10 hobgoblins
  5 jackals
  30 kobolds
  4 quokkas
  8 ball pythons
  15 bats
  A frilled lizard (D:1)
  3 hobgoblin zombies (Ossuary)
  4 kobold zombies (Ossuary)
  7 orc zombies (Ossuary)
  4 rats
  A tentacle (Shoals:1)
1380 creatures vanquished.

Vanquished Creatures (collateral kills)
  An orc high priest (Orc:2)
  A naga sharpshooter (Snake:4)
  A black mamba (Snake:3)
  A naga (Snake:4)
4 creatures vanquished.

Vanquished Creatures (others)
  A deep elf knight (Elf:3)
  A naga sharpshooter (Snake:2)
  A sea snake (Shoals:3)
  2 dancing weapons
  A black mamba (Snake:3)
  A yaktaur (Vaults:1)
  An air elemental (Elf:3)
  A water elemental (Shoals:3)
  27 fungi
  113 plants
  10 tentacles
  24 withered plants (Gauntlet)
183 creatures vanquished.

Grand Total: 1567 creatures vanquished

Notes
Turn   | Place    | Note
-------+----------+-------------------------------------------
     0 | D:1      | oldriver the Vampire Enchanter began the quest for the Orb.
     0 | D:1      | Reached XP level 1. HP: 13/13 MP: 3/3
   584 | D:1      | Reached skill level 1 in Fighting
   584 | D:1      | Reached XP level 2. HP: 14/21 MP: 5/5
   589 | D:1      | Reached skill level 5 in Stealth
   613 | D:1      | Learned a level 2 spell: Ensorcelled Hibernation
  1057 | D:1      | Found a faded altar of an unknown god.
  1588 | D:1      | Gained mutation: You are afflicted with vampirism and can
                  | become a bat while bloodless. [Vampire growth]
  1588 | D:1      | Reached XP level 3. HP: 26/26 MP: 6/6
  1896 | D:2      | Noticed Jessica
  1899 | D:2      | Killed Jessica
  1900 | D:2      | Reached skill level 5 in Hexes
  1906 | D:2      | Reached XP level 4. HP: 33/33 MP: 0/7
  2089 | D:2      | Reached skill level 6 in Stealth
  2511 | D:2      | Noticed Natasha
  2924 | D:1      | Learned a level 3 spell: Confusing Touch
  3138 | D:2      | Found a runed translucent door.
  3139 | D:2      | Noticed Crazy Yiuf
  3683 | D:3      | Found a shadowy altar of Dithmenos.
  3697 | D:3      | Noticed Ijyb
  3705 | D:3      | Killed Ijyb
  3706 | D:3      | Reached XP level 5. HP: 31/31 MP: 8/8
  3788 | D:3      | Became a worshipper of Dithmenos the Shadowed
  5005 | D:4      | Noticed a necrophage
  5014 | D:4      | Learned a level 3 spell: Tukima's Dance
  5351 | D:4      | Reached skill level 7 in Stealth
  5611 | D:4      | Reached XP level 6. HP: 37/37 MP: 6/9
  5638 | D:4      | Noticed a water moccasin
  5670 | D:4      | Found a runed translucent door.
  5673 | D:4      | Noticed bande's ghost (novice GrFi)
  5851 | D:4      | Noticed Sigmund
  5858 | D:4      | Killed Sigmund
  5858 | D:4      | Reached * piety under Dithmenos
  6101 | D:4      | Reached XP level 7. HP: 43/43 MP: 11/11
  6429 | D:4      | Found a runed translucent door.
  7022 | D:5      | Entered Level 5 of the Dungeon
  7226 | D:5      | Learned a level 3 spell: Dazzling Flash
  7275 | D:5      | Reached skill level 8 in Stealth
  7507 | D:5      | Reached XP level 8. HP: 48/48 MP: 13/13
  7538 | D:5      | Found a staircase to the Ecumenical Temple.
  7738 | D:5      | Reached skill level 5 in Fighting
  8203 | D:5      | Found a hide-covered altar of Uskayaw.
  8233 | D:6      | Found Zin's Purification Station.
  8348 | D:6      | Reached skill level 9 in Stealth
  8566 | D:6      | Reached ** piety under Dithmenos
  8655 | D:6      | Reached skill level 10 in Stealth
  8849 | D:6      | Reached XP level 9. HP: 55/55 MP: 10/16
 10137 | D:6      | Reached skill level 5 in Spellcasting
 10410 | D:7      | Found an iron altar of Okawaru.
 10479 | D:7      | Reached skill level 1 in Ice Magic
 10642 | D:7      | Found a sacrificial altar of Ru.
 10653 | D:7      | Found a hazy altar of Hepliaklqana.
 10870 | D:7      | Reached skill level 11 in Stealth
 11709 | D:7      | Reached skill level 5 in Short Blades
 11754 | D:7      | Noticed a two-headed ogre
 11839 | D:7      | Killed a two-headed ogre
 11840 | D:7      | Reached XP level 10. HP: 63/63 MP: 8/17
 11923 | D:7      | Reached skill level 5 in Dodging
 11924 | D:7      | Reached *** piety under Dithmenos
 11982 | D:7      | Reached skill level 12 in Stealth
 12083 | D:7      | Found a basalt altar of Yredelemnul.
 12287 | D:7      | Reached skill level 10 in Hexes
 12609 | D:7      | Reached skill level 1 in Throwing
 12844 | D:7      | Identified the +5 dagger of Kuygounn {vorpal, Int+4}
 13670 | D:8      | Noticed a two-headed ogre
 13683 | D:8      | Killed a two-headed ogre
 13692 | D:8      | Found Hepun's Antique Weapon Emporium.
 13765 | D:8      | Reached **** piety under Dithmenos
 13787 | D:8      | Found a flagged portal.
 13885 | D:8      | Found a sand-covered staircase.
 13889 | Ossuary  | Entered an ossuary
 14208 | Bailey   | Entered a bailey
 14296 | Bailey   | Reached skill level 13 in Stealth
 14586 | Bailey   | Noticed an orc knight
 14687 | Bailey   | Killed an orc knight
 14688 | Bailey   | Reached XP level 11. HP: 65/68 MP: 9/19
 14787 | Bailey   | Found an iron altar of Okawaru.
 14844 | D:8      | Noticed Gastronok
 14896 | D:8      | Reached ***** piety under Dithmenos
 15103 | D:8      | Noticed Maggie
 15108 | D:8      | Killed Maggie
 15112 | D:8      | Identified a scroll of acquirement
 15112 | D:8      | Acquired the +2 pair of boots "Luwuistrabej" {rC+}
 15769 | D:8      | Noticed Maurice
 15773 | D:8      | Killed Maurice
 16633 | D:9      | Reached skill level 1 in Shields
 16668 | D:9      | Found a snail-covered altar of Cheibriados.
 16708 | D:9      | Found Poinnior's Antique Weapon Shoppe.
 17007 | D:9      | Found a staircase to the Orcish Mines.
 17854 | D:10     | Entered Level 10 of the Dungeon
 17874 | D:10     | Noticed Fannar
 18347 | D:10     | Acquired a +4 quick blade
 18350 | D:10     | Noticed Joseph
 18356 | D:10     | Killed Joseph
 18357 | D:10     | Reached skill level 14 in Stealth
 18426 | D:10     | Found a blossoming altar of Fedhas.
 18426 | D:10     | Found an ornate altar of the Wu Jian Council.
 18427 | D:10     | Found a bloodstained altar of Trog.
 19684 | D:11     | Noticed a deep elf pyromancer
 19687 | D:11     | Killed a deep elf pyromancer
 19814 | D:11     | Found a staircase to the Lair.
 19875 | D:11     | Noticed a two-headed ogre
 19878 | D:11     | Killed a two-headed ogre
 19906 | D:11     | Reached skill level 15 in Stealth
 20175 | Lair:1   | Entered Level 1 of the Lair of Beasts
 20304 | Lair:1   | Noticed a brown ugly thing
 20349 | Lair:1   | Found a transporter.
 20359 | Lair:1   | Found a transporter.
 20360 | Lair:1   | Noticed a thrashing horror
 20393 | Lair:1   | Reached XP level 12. HP: 76/76 MP: 20/23
 20404 | Lair:1   | Noticed a seven-headed hydra
 20439 | Lair:1   | Killed a seven-headed hydra
 20733 | Lair:1   | Noticed a six-headed hydra
 20740 | Lair:1   | Killed a six-headed hydra
 20814 | Lair:1   | Found a one-way gate to the infinite horrors of the Abyss.
 20964 | Lair:2   | Noticed a seven-headed hydra
 20966 | Lair:2   | Killed a seven-headed hydra
 20974 | Lair:2   | Noticed a six-headed hydra
 20986 | Lair:2   | Killed a six-headed hydra
 20987 | Lair:2   | Reached skill level 10 in Fighting
 21153 | Lair:2   | Noticed a death yak
 21673 | Lair:2   | Noticed a death yak
 21674 | Lair:2   | Killed a death yak
 21675 | Lair:2   | Reached skill level 16 in Stealth
 21675 | Lair:2   | Noticed a death yak
 21686 | Lair:2   | Killed a death yak
 21724 | Lair:2   | Noticed a death yak
 21763 | Lair:2   | Noticed a death yak
 22425 | D:12     | Noticed a death knight
 23125 | D:12     | Noticed a two-headed ogre
 23129 | D:12     | Killed a two-headed ogre
 23130 | D:12     | Reached XP level 13. HP: 83/83 MP: 25/25
 23978 | Lair:3   | Reached skill level 17 in Stealth
 24945 | Lair:3   | Reached ****** piety under Dithmenos
 25337 | Lair:4   | Found a staircase to the Snake Pit.
 26146 | Lair:4   | Found a staircase to the Shoals.
 26734 | D:9      | Killed Fannar
 26735 | D:9      | Reached skill level 18 in Stealth
 26735 | D:9      | Reached XP level 14. HP: 90/90 MP: 16/26
 26828 | Orc:1    | Entered Level 1 of the Orcish Mines
 27369 | Orc:2    | Entered Level 2 of the Orcish Mines
 27369 | Orc:2    | Found a staircase to the Elven Halls.
 28945 | Orc:1    | Noticed Nergalle
 28952 | Orc:1    | Killed Nergalle
 28980 | Orc:1    | Reached skill level 10 in Dodging
 29258 | Orc:2    | Reached skill level 10 in Short Blades
 30721 | Orc:2    | Reached skill level 19 in Stealth
 30747 | Orc:2    | Found Yseick's Antique Weapon Emporium.
 30748 | Orc:2    | Found Itrec's Weapon Emporium.
 30748 | Orc:2    | Found Hiaruq's Antique Armour Shoppe.
 30749 | Orc:2    | Found Xorhatyf's Antique Armour Emporium.
 30774 | Orc:2    | Learned a level 4 spell: Cause Fear
 30975 | D:13     | Noticed Urug
 30975 | D:13     | Found a gate to the Vaults.
 31644 | D:13     | Noticed Rupert
 31680 | D:13     | Killed Urug
 32132 | Lair:5   | Found a viscous altar of Jiyva.
 32132 | Lair:5   | Found a staircase to the Slime Pits.
 32621 | Lair:6   | Entered Level 6 of the Lair of Beasts
 32789 | Lair:6   | Reached skill level 1 in Evocations
 33138 | Lair:6   | Reached XP level 15. HP: 97/97 MP: 24/27
 33354 | Lair:6   | Reached skill level 20 in Stealth
 34767 | Snake:1  | Entered Level 1 of the Snake Pit
 37007 | Snake:2  | Reached skill level 5 in Shields
 37646 | Snake:2  | Reached skill level 5 in Evocations
 37752 | Snake:2  | Noticed Mlioglotl
 37805 | Snake:2  | Killed Mlioglotl
 38066 | Snake:2  | Reached XP level 16. HP: 75/104 MP: 18/29
 38375 | Snake:2  | Noticed Vashnia
 38459 | Shoals:1 | Entered Level 1 of the Shoals
 38822 | D:13     | Reached skill level 1 in Armour
 39332 | D:14     | Found a shimmering altar of Xom.
 39335 | D:14     | Found a shimmering altar of Xom.
 39336 | D:14     | Found a shimmering altar of Xom.
 39337 | D:14     | Found a shimmering altar of Xom.
 39487 | D:14     | Identified Roxanne's Handbook of Transformation
 39487 | D:14     | Noticed Roxanne
 39800 | D:14     | Reached skill level 10 in Spellcasting
 40018 | D:14     | Found Focy's General Store.
 40025 | D:14     | Bought a scroll of teleportation for 39 gold pieces
 40025 | D:14     | Bought a scroll of enchant weapon for 97 gold pieces
 40166 | D:15     | Entered Level 15 of the Dungeon
 40570 | D:15     | Found a gate leading to a gauntlet.
 40582 | Gauntlet | Entered a Gauntlet
 40582 | Gauntlet | Found a transporter.
 40582 | Gauntlet | Found a transporter.
 40588 | Gauntlet | Found a transporter.
 40597 | Gauntlet | Found a transporter.
 40616 | Gauntlet | Found a transporter.
 40626 | Gauntlet | Found a transporter.
 40629 | Gauntlet | Found a transporter.
 40650 | Gauntlet | Found a transporter.
 40659 | Gauntlet | Found a transporter.
 40673 | Gauntlet | Found a transporter.
 40682 | Gauntlet | Found a transporter.
 40693 | Gauntlet | Found a transporter.
 40726 | Gauntlet | Found a transporter.
 40742 | Gauntlet | Found a transporter.
 40841 | Gauntlet | Found a transporter.
 40857 | Gauntlet | Found a transporter.
 41027 | Gauntlet | Identified the ring "Ymonal" {Drain rCorr Dex+4 Slay+4}
 41167 | Gauntlet | Reached skill level 15 in Hexes
 41588 | Gauntlet | Identified the +9 plate armour of Hedonism {Str+4}
 41612 | Gauntlet | Identified the +4 whip of Equilibrium {vorpal, rF+ Str+4}
 41613 | Gauntlet | Got the Reference Book on the Dusty Glacier
 41647 | D:15     | Found a shadowy altar of Dithmenos.
 42177 | D:15     | Learned a level 5 spell: Summon Mana Viper
 42378 | D:15     | Found a staircase to the Depths.
 42929 | Elf:1    | Entered Level 1 of the Elven Halls
 42934 | Elf:1    | Found Pib Pyf's Distillery.
 42942 | Elf:1    | Bought a potion of heal wounds for 75 gold pieces
 42942 | Elf:1    | Bought 2 potions of heal wounds for 150 gold pieces
 43201 | Elf:1    | Reached skill level 1 in Summonings
 45290 | Elf:2    | Found a huge runed translucent gate.
 45290 | Elf:2    | Found a huge runed translucent gate.
 45290 | Elf:2    | Found a huge runed translucent gate.
 45290 | Elf:2    | Found a huge runed translucent gate.
 45305 | Elf:2    | Found a huge runed translucent gate.
 45833 | Snake:2  | Reached XP level 17. HP: 69/111 MP: 8/31
 46001 | Snake:2  | Reached skill level 21 in Stealth
 46204 | Snake:2  | Killed Vashnia
 48450 | Snake:3  | Reached skill level 5 in Armour
 48532 | Snake:4  | Entered Level 4 of the Snake Pit
 48633 | Snake:4  | Reached skill level 5 in Summonings
 48768 | Snake:4  | Found Fohaz's Weapon Shop.
 48958 | Snake:4  | Noticed Aizul
 49015 | Snake:4  | Killed Aizul
 49564 | Snake:4  | Reached skill level 22 in Stealth
 51042 | Snake:4  | Reached XP level 18. HP: 118/118 MP: 27/32
 51404 | Snake:4  | Reached skill level 15 in Fighting
 52484 | Snake:4  | Got a serpentine rune of Zot
 53129 | Shoals:1 | Found a runed translucent gate.
 53129 | Shoals:1 | Found a runed translucent gate.
 53129 | Shoals:1 | Found a runed translucent gate.
 53129 | Shoals:1 | Noticed Umofacuulo's ghost (adept MiFi)
 53130 | Shoals:1 | Noticed Amifaile's ghost (adept HOBr)
 53130 | Shoals:1 | Noticed lmSkywalker's ghost (journeyman DsFE)
 53130 | Shoals:1 | Noticed Umofacuulo's ghost (adept MiFi)
 53130 | Shoals:1 | Noticed Wextibu's ghost (adept DrTm)
 53251 | Shoals:1 | Noticed Kirke
 53286 | Shoals:1 | Killed Kirke
 53302 | Shoals:1 | Reached skill level 23 in Stealth
 54884 | Shoals:3 | Reached skill level 10 in Shields
 56073 | Shoals:4 | Entered Level 4 of the Shoals
 56126 | Shoals:4 | Found the +8 whip "Snakebite" {venom, curare, rPois}
 56493 | Shoals:4 | Identified the +4 chain mail "Unottuog" {rF- Dex+2 Slay+3}
 56796 | Shoals:4 | Got a barnacled rune of Zot
 57020 | Shoals:4 | Reached skill level 15 in Dodging
 57106 | Shoals:4 | Reached skill level 24 in Stealth
 57106 | Shoals:4 | Reached XP level 19. HP: 124/124 MP: 27/33
 57452 | Shoals:4 | Identified the +6 hunting sling "Fegh" {freeze, Fragile
                  | rF+++ rC+ Str+2}
 57697 | Vaults:1 | Entered Level 1 of the Vaults
 58063 | Vaults:1 | Learned a level 2 spell: Blink
 58084 | Vaults:1 | Paralysed by a great orb of eyes for 3 turns
 58469 | Vaults:1 | Identified the +5 plate armour of Feomn {Contam rElec
                  | Int+9}
 58814 | Vaults:1 | Found the dreamshard necklace {*Dream Drain}
 59290 | Vaults:1 | Found Torus's Jewellery Emporium.
 59391 | Vaults:1 | Bought the ring "Foith" {rF+ Str+6 Dex+4 Stlth+} for 1506
                  | gold pieces
 61322 | Elf:3    | Entered Level 3 of the Elven Halls
 61516 | Elf:3    | Paralysed by an air elemental for 1 turns
 61521 | Elf:3    | Paralysed by an air elemental for 1 turns
 63916 | Elf:3    | Reached XP level 20. HP: 130/131 MP: 15/34
 64055 | Elf:3    | Reached skill level 25 in Stealth
 65072 | Elf:3    | Identified the +6 long sword "Ostro Ninaun" {elec, rElec
                  | rPois Dex-3 SInv}
 65254 | Elf:3    | Identified the +5 dire flail of Gallantry {freeze, rElec
                  | rC+}
 65553 | Elf:3    | Learned a level 7 spell: Enfeeble
 65580 | Elf:3    | Got Uvoh's Guide on Shape Shifting and Illusion
 65677 | Elf:3    | Learned a level 5 spell: Yara's Violent Unravelling
 65926 | Elf:3    | Found the +6 shillelagh "Devastator" {shatter}
 66381 | Depths:1 | Entered Level 1 of the Depths
 66392 | Depths:1 | Found a gateway to Hell.
 66428 | Depths:1 | Reached skill level 1 in Transmutations
 66451 | Depths:1 | Paralysed by a great orb of eyes for 6 turns
 66453 | Depths:1 | HP: 6/132 [stone giant/large rock (37)]
 66453 | Depths:1 | Demolished by an iron troll

Illustrated notes

Levels and vault maps discovered:
D:1:      denvon_arrival_planthouse, layout_basic, ebering_ecumenical_altar_rust
D:2:      layout_basic, chequers_serial_rivers_micro_c, minivault_26,
          uniq_jessica, uniq_natasha, uniq_crazy_yiuf_cottage
D:3:      cheibrodos_greedy_goblins, layout_basic,
          nicolae_tso_swordbearing_angel, mainiacjoe_overflow_tiny_flanked,
          uniq_ijyb
D:4:      layout_loops_corners, ebering_ghost_sewer_f, uniq_sigmund
D:5:      lemuel_ice_spiral_2, layout_basic, kennysheep_mini,
          minmay_temple_entry_arrows
D:6:      minmay_bubble_buster, layout_layer_cave, zin_purify
D:7:      lemuel_castle_with_subvaults [lemuel_castle_interior_original],
          layout_basic, marbit_many_paths, mainiacjoe_overflow_boulevard,
          amcnicky_altar_gilded, lemuel_coloured_pillars_altar
D:8:      layout_loops_ring, nicolae_ossuary_entry_false_entrances,
          enter_bailey_3, serial_shops, nicolae_square_shop,
          minmay_unpleasant_kobolds, uniq_maggie, uniq_maurice, uniq_gastronok
D:9:      layout_irregular_city, cheibrodos_worm_habitat, erik_orc_1,
          serial_shops, kennysheep_mini_moat
D:10:     layout_rooms, chequers_temple_overflow_statue_of_worship,
          serial_glass, glass_columns_a, glass_columns_c, serial_bayou_crossing,
          uniq_fannar, uniq_joseph
D:11:     layout_irregular_city, lair_entry_dummy
D:12:     layout_loops_ring
D:13:     layout_basic, david_vaults_3, uniq_rupert
D:14:     layout_roguey, serial_park_square2, serial_shops, nicolae_shop_stone,
          xom_shifter_show, uniq_roxanne
D:15:     hangedman_depths_entry_try_elsewhere_first, layout_irregular_city,
          gauntlet_entry_generic, elyvilon_altar_3, grunt_dithmenos_smoke
Lair:1:   layout_hall_layers, gammafunk_ghost_abyssal_escape, lemuel_fruit_tree,
          serial_bayou_shore_b, grunt_megastairs_2
Lair:2:   nzn_winding_woodlands_small [nzn_winding_woodlands_5x15_sidewinder,
          nzn_winding_woodlands_center_lodge,
          nzn_winding_woodlands_5x15_zeroes], layout_loops_ring
Lair:3:   layout_layer_cave, roderic_batcave, chequers_serial_rivers_room_b
Lair:4:   layout_long_grid, minmay_shoals_entry_hut,
          minmay_snake_entry_six_corridors, minivault_27, beast_lair_carwin_1
Lair:5:   layout_regular_city, dpeg_slime_entry_enclosed_altar
Lair:6:   gammafunk_lair_ancient_temple, layout_hall_layers
Shoals:1: layout_shoals, gammafunk_ghost_cemetery,
          nicolae_shoals_cliffside_cave, nicolae_shoals_lost_giant_baths,
          uniq_kirke
Shoals:2: layout_shoals
Shoals:3: layout_shoals
Shoals:4: shoals_end_simple, layout_shoals, nicolae_shoals_loop_pool
Snake:1:  layout_honeycomb
Snake:2:  layout_basic, uniq_vashnia, uniq_mlioglotl
Snake:3:  layout_onion, st_stairs_5, serial_bayou_shore_a
Snake:4:  grunt_snake_rune_pools, layout_layer_cave, serial_shops,
          nicolae_shop_bloodbath_and_beyond, uniq_aizul
Orc:1:    layout_caves, uniq_nergalle
Orc:2:    st_orc_pillars, layout_caves, bh_open_orc_temple
Elf:1:    layout_onion_city, hangedman_elf_disciples, minmay_shop_star
Elf:2:    elven_hall_of_blades_hangedman_alternative
          [nicolae_blade_entry_antechamber], layout_loops_ring, st_stairs_6
Elf:3:    minmay_elf_hall_not_hex, layout_loops_ring, grunt_megastairs_5
Vaults:1: v_misc_2, v_misc_19, vaults_room_boxed,
          vaults_standard_mumra_enter_the_diamond, vaults_room_corners,
          nicolae_vaults_network_barrier, dpeg_vaults_monster_box,
          layout_vaults_omnigrid, serial_shops, nicolae_square_shop
Vaults:2: ontoclasm_vaults_misaligned, st_check, ontoclasm_vaults_gateway,
          v_misc_28, v_alt_pattern_3, ontoclasm_vaults_eye, v_misc_15,
          minmay_crypt_entry_simple_box, vaults_room_pool,
          nicolae_vaults_little_squares_3, nicolae_vaults_ring_of_whatevers,
          layout_vaults_ring
Depths:1: layout_long_grid, serial_sigils, serial_sigils_hangedman_clutch,
          serial_sigils_hangedman_gnaw, serial_sigils_hangedman_leer,
          serial_sigils_hangedman_writhe, serial_sigils_hangedman_etch,
          serial_sigils_hangedman_quiver, hell_entry, kennysheep_path_1,
          nicolae_yredelemnul_corpse_copse, firewood_loft

Skill      XL: |  1  2  3  4  5  6  7  8  9 10 11 12 13 14 15 16 17 18 19 20 |
---------------+-------------------------------------------------------------+-----
Fighting       | 1 2 3 4 6 7 8 9 10 11 12 13 14 15 16 | 16.2
Stealth        | 5 6 7 8 10 11 13 15 16 18 19 20 22 24 25 | 25.2
Hexes          | 5 6 7 8 9 11 12 13 14 15 | 15.1
Short Blades   | 2 3 5 7 9 11 12 13 14 | 14.2
Spellcasting   | 3 4 5 7 8 9 10 | 10.0
Dodging        | 4 5 8 9 10 12 13 15 | 15.9
Ice Magic      | 2 3 |  3.0
Throwing       | 2 3 |  3.0
Shields        | 3 5 7 8 10 | 10.0
Evocations     | 1 5 7 |  7.9
Armour         | 3 5 7 |  7.0
Summonings     | 3 5 |  5.0
Transmutations | 1 |  1.2

Action                   |  1- 3 |  4- 6 |  7- 9 | 10-12 | 13-15 | 16-18 | 19-21 || total
-------------------------+-------+-------+-------+-------+-------+-------+-------++-------
Melee: Dagger            |    97 |   100 |   214 |   388 |       |       |       ||   799
       Bite              |    11 |     8 |    20 |    40 |   101 |   193 |   113 ||   486
       Punch             |     2 |     1 |     3 |     2 |       |       |       ||     8
       Quick blade       |       |       |       |    98 |   846 |  1163 |   596 ||  2703
 Fire: Hunting sling     |       |       |       |       |       |    13 |       ||    13
Throw: Dart              |       |       |       |    10 |     4 |     9 |     2 ||    25
 Cast: Ensorcelled Hiber |    19 |    59 |    88 |   240 |   448 |   470 |   258 ||  1582
       Confusing Touch   |       |     1 |    12 |     8 |     6 |     7 |     2 ||    36
       Dazzling Flash    |       |       |     5 |    18 |    53 |    77 |    23 ||   176
       Tukima's Dance    |       |       |       |     1 |    12 |    18 |     3 ||    34
       Cause Fear        |       |       |       |       |       |     1 |       ||     1
       Summon Mana Viper |       |       |       |       |       |     3 |     3 ||     6
 Abil: Exsanguinate      |       |     1 |       |       |       |       |       ||     1
       End Transformatio |       |       |       |     1 |       |       |       ||     1
       Bat Form          |       |       |       |     1 |       |       |       ||     1
Evoke: Wand              |       |       |     2 |       |     2 |       |       ||     4
       Condenser vane    |       |       |       |       |     1 |     2 |       ||     3
       Lightning rod     |       |       |       |       |       |     4 |       ||     4
       Box of beasts     |       |       |       |       |       |     1 |       ||     1
  Use: Scroll            |       |     5 |     8 |    19 |    10 |     8 |     6 ||    56
       Potion            |       |       |       |       |     2 |     3 |       ||     5
 Stab: Sleeping          |    22 |    52 |    61 |   198 |   275 |   273 |   126 ||  1007
       Distracted        |       |     1 |     1 |     2 |     3 |     3 |     4 ||    14
       Confused          |       |       |    13 |     1 |     7 |     6 |       ||    27
       Invisible         |       |       |     4 |    14 |    47 |    54 |    12 ||   131
Armor: Robe              |    23 |    23 |    47 |    81 |    93 |     8 |       ||   275
       Acid dragon scale |       |       |       |       |       |    26 |       ||    26
       Leather armour    |       |       |       |       |       |    85 |    50 ||   135
Dodge: Dodged            |    80 |    73 |   130 |   398 |   440 |   484 |   228 ||  1833
Block: Buckler           |       |       |       |    36 |   223 |       |       ||   259
       Reflection        |       |       |       |       |    17 |   178 |    27 ||   222
       Kite shield       |       |       |       |       |   186 |   999 |   435 ||  1620

Table legend: (Time is in decaauts)
 A = Elapsed time spent in this place.
 B = Non-inter-level travel time spent in this place.
 C = Inter-level travel time spent in this place.
 D = Time resting spent in this place.
 E = Time spent auto-exploring this place.
 F = Levels seen in this place.
 G = Mean time per level.
                   A        B        C        D        E       F      G
               +--------+--------+--------+--------+--------+-----+--------+
         Total |  65264 |  61207 |   4057 |  17594 |  26856 |  40 | 1631.6 |
       Dungeon |  26287 |  24316 |   1971 |   7331 |  10689 |  15 | 1752.5 |
          Lair |   7918 |   7110 |    808 |   1332 |   3827 |   6 | 1319.7 |
        Shoals |   4788 |   4593 |    195 |    610 |   2390 |   4 | 1197.0 |
     Snake Pit |  10474 |  10104 |    370 |   3567 |   3942 |   4 | 2618.5 |
  Orcish Mines |   3763 |   3603 |    160 |   1401 |   1143 |   2 | 1881.5 |
   Elven Halls |   7192 |   6766 |    426 |   2532 |   2420 |   3 | 2397.3 |
        Vaults |   3032 |   2909 |    123 |    312 |   1945 |   2 | 1516.0 |
        Depths |     68 |     68 |      0 |      0 |     37 |   1 |   68.0 |
       Ossuary |    200 |    200 |      0 |      0 |    103 |   1 |  200.0 |
        Bailey |    611 |    611 |      0 |    210 |     81 |   1 |  611.0 |
      Gauntlet |    927 |    927 |      0 |    298 |    277 |   1 |  927.0 |
               +--------+--------+--------+--------+--------+-----+--------+

Top non-repeatable levels by time:
   Elf:3: 4610 daAuts
 Snake:4: 3893 daAuts
     D:7: 3579 daAuts
 Snake:2: 3210 daAuts
   Orc:2: 2636 daAuts
     D:9: 2301 daAuts
    D:11: 2259 daAuts
     D:4: 2248 daAuts
 Snake:1: 2207 daAuts
     D:1: 2184 daAuts
Vaults:1: 2153 daAuts
     D:6: 2140 daAuts
   Elf:1: 1988 daAuts
     D:3: 1611 daAuts
  Lair:4: 1575 daAuts
